 Dungeon Crawl Stone Soup version 0.32-a0-900-g30fb1b0edc (webtiles) character file.

Game seed: 16169230655054697444

88 senseless the Insei (level 4, 0/33 HPs)
             Began as a Demonspawn Shapeshifter on Apr 5, 2024.
             Slain by a phantom (6 damage)
             ... on level 5 of the Dungeon.
             The game lasted 00:05:27 (2325 turns).

senseless the Insei (Demonspawn Shapeshifter)       Turns: 2325, Time: 00:05:27

Health: 0/33       AC:  3    Str: 14    XL:     4   Next: 30%
Magic:  4/4        EV: 11    Int: 10    God:
Gold:   68         SH:  0    Dex: 15    Spells: 3/3 levels left

rFire   . .          .
                       - Unarmed
rCold   . . .        (no shield)
rNeg    . . .        k - +1 robe
rPois   .            t - melded +0 helmet
rElec   .            (cloak currently unavailable)
rCorr   .            (gloves currently unavailable)
SInv    .            (boots currently unavailable)
Will    .....        (no amulet)
Stlth   +            (no ring)
HPRegen 0.25/turn    (no ring)
MPRegen 0.09/turn

%: no passive effects
@: beast-form
A: beast (slay +1), claws 1
a: Begin Untransformation


You were on level 5 of the Dungeon.
You were a hulking beast.
You visited 1 branch of the dungeon, and saw 4 of its levels.

You collected 68 gold pieces.

Inventory:

Missiles
 f - 6 javelins (quivered)
 r - 6 atropa-tipped darts
Armour
 k - a +1 robe (worn)
 t - a +0 helmet (melded)
Talismans
 c - a beast talisman (active)
 d - a flux talisman
 h - a maw talisman
Scrolls
 a - a scroll of enchant armour
 q - a scroll of immolation
Potions
 b - a potion of lignification
 e - a potion of cancellation {unknown}
 g - a potion of attraction {unknown}
 i - 2 potions of mutation {unknown}
 j - 2 potions of ambrosia
 m - a potion of enlightenment {unknown}
 n - a potion of curing {unknown}
 o - a potion of magic {unknown}
 p - a potion of heal wounds {unknown}


   Skills:
 + Level 2.1 Fighting
 + Level 2.5 Dodging
 + Level 3.3 Unarmed Combat
 + Level 3.2 Shapeshifting


You had 3 spell levels left.
You didn't know any spells.
Your spell library contained the following spells:

 Spells                   Type           Power      Damage    Failure   Level
 Freeze                   Ice            0%         1d3       36%         1
 Kiss of Death            Conj/Necr      0%         2d5       36%         1
 Magic Dart               Conj           0%         1d3       36%         1
 Blink                    Tloc           0%         N/A       50%         2
 Call Imp                 Summ           0%         N/A       50%         2
 Lesser Beckoning         Tloc           0%         N/A       50%         2
 Confusing Touch          Hex            0%         N/A       75%         3
 Frozen Ramparts          Ice            0%         1d1       75%         3
 Hailstorm                Conj/Ice       0%         3d5       75%         3
 Maxwell's Portable Pile  Tloc           0%         2d(5-13)  75%         3
 Teleport Other           Tloc           0%         N/A       75%         3
 Dispel Undead            Necr           0%         3d6       98%         4


Dungeon Overview and Level Annotations

Branches:
Dungeon (3/15)             Temple (0/1) D:5

Altars:

Shops:
D:2 (==

Annotations:
D:5 Menkaure


Innate Abilities, Weirdness & Mutations

You are a hulking beast.
Your limbs bulge with bestial killing power. (Slay +1)
You have sharp fingernails.


Message History

Found a stone staircase leading up.
You see here a bat corpse.
You open the door.
There is an open door here.
m - a fuming black potion
There is a glowing silver altar of Zin here.
You now have 68 gold pieces (gained 5).
You open the door.
There is an open door here.
i - 2 puce potions (gained 1)
You open the door.
Found a hand axe.
There is an open door here.
q - a scroll of immolation You see here a +0 hand axe.
Found a stone staircase leading down.
A malevolent force fills the Dungeon...
You fall into a shaft and drop 2 floors!
The shaft crumbles and collapses.
You hear the hiss of flowing sand.
There is an entrance to an ossuary on this level.
Hurry and find it before the portal is buried!
As you read the scroll of revelation, it crumbles to dust.
You feel aware of your surroundings.
You sensed 2 altars, and 1 shop/portal.
Menkaure and a gnoll bouda come into view.
A gnoll comes into view. It is wielding a +0 halberd.
The gnoll shouts!
You hear a shout!
A gnoll comes into view. It is wielding a +0 whip.
Found 6 stones.
Found a stone staircase leading up.
A phantom comes into view.
Found a potion of lignification.
The gnoll attacks as it pursues you! The gnoll completely misses you.
The gnoll attacks as it pursues you!
The gnoll hits you from afar with a +0 halberd!
The phantom hits you.
The gnoll hits you from afar with a +0 halberd.
A gnoll comes into view. It is wielding a +0 halberd.
The gnoll hits you from afar with a +0 halberd!
* * * LOW HITPOINT WARNING * * *
The phantom attacks as it pursues you! The phantom hits you.
You die...

**,,,,,,,** #####.#.########*,
,,,,,,,,,,* *##....#.#######Z+,
,*,,,,,,,,* *...####.####..##*,
,*,,,,,,,,*****.######.####M##Z+,
,,,,,,,,*.#,,,,....w...####.###*,
,,*****,,.!..##############.##z+,
,,,,,,,,*,*,#.....#.........###*,
*,,,,,,,*,*,#.##W.g.........###*+
*>,,,,,,,,*,*,*#h............#ß*,
*,,,*******,*,*#...........#...,,
*,,,* *,*,*#...g....#######**
,,,,* *,*,#.....#.######### ,,***
*,*.....###.######### ,,*
*,*.....#.....####### ,,***
*,#<...(#,,,..* ,,,,*
*,*..g..#,,,,,* ~,,,*
*,*,,,*,*,,,,,**


You could see a phantom and 3 gnolls.

Vanquished Creatures
  6 adders
  A dart slug (D:2)
  2 endoplasms (D:2)
  2 goblins
  4 hobgoblins
  4 quokkas (D:2)
  2 ball pythons (D:1)
  3 bats
  A frilled lizard (D:1)
  6 kobolds
  A rat (D:2)
32 creatures vanquished.

Vanquished Creatures (collateral kills)
  A goblin (D:3)
1 creature vanquished.

Grand Total: 33 creatures vanquished

Notes
Turn   | Place    | Note
-------+----------+-------------------------------------------
     0 | D:1      | senseless the Demonspawn Shapeshifter began the quest for
                  | the Orb.
     0 | D:1      | Reached XP level 1. HP: 15/15 MP: 1/1
   618 | D:2      | Gained mutation: You have sharp fingernails. [demonic
                  | ancestry]
   618 | D:2      | Reached XP level 2. HP: 19/21 MP: 2/2
   680 | D:2      | Reached XP level 3. HP: 16/26 MP: 3/3
  1058 | D:2      | Found Zatruc's Jewellery Emporium.
  1072 | D:2      | Found Rifoc's Antique Weapon Boutique.
  1083 | D:2      | Reached XP level 4. HP: 24/33 MP: 4/4
  1142 | D:2      | Found Mameobocs's Jewellery Shoppe.
  2315 | D:3      | You fall into a shaft and drop 2 floors!
  2315 | D:5      | Entered Level 5 of the Dungeon
  2316 | D:5      | Noticed a weeping skull
  2316 | D:5      | Noticed Menkaure
  2322 | D:5      | Noticed a phantom
  2325 | D:5      | Slain by a phantom

Illustrated notes

Levels and vault maps discovered:
D:1:      tarquinn_simple_flora_water_a, layout_loops_cross
D:2:      layout_loops_corners, serial_shops, shop, shop,
          nicolae_shop_waterfront, minmay_misc_feat_doors, grunt_ministairs_9,
          nrook_mini_backslash, nicolae_concentric_dashed_squares_mild,
          nicolae_half_adder
D:3:      layout_basic, mainiacjoe_overflow_paths,
          amethyst_overflow_temple_binary, kennysheep_minor_cross,
          dreamdust_princess_bridge
D:5:      layout_basic, mainiacjoe_overflow_chevrons,
          lemuel_mausoleum_altar_yredelemnul, temple_pool_b, enter_ossuary_5,
          uniq_menkaure

Skill      XL: |  1  2  3 |
---------------+----------+-----
Dodging        | 2 |  2.5
Unarmed Combat | 3 |  3.3
Shapeshifting  | 3 |  3.2
Fighting       | 2 |  2.1

Action                     |  1- 3 |  4- 6 || total
---------------------------+-------+-------++-------
  Melee: Unarmed           |    65 |    23 ||    88
         Punch             |     2 |       ||     2
    Use: Scroll            |       |     8 ||     8
   Stab: Sleeping          |     1 |       ||     1
 Armour: Animal skin       |     8 |       ||     8
         Robe              |    26 |    16 ||    42
  Dodge: Dodged            |    46 |     9 ||    55
         Form:             |       |     1 ||     1
         Beast             |       |     1 ||     1

Table legend: (Time is in decaauts)
 A = Elapsed time spent in this place.
 B = Non-inter-level travel time spent in this place.
 C = Inter-level travel time spent in this place.
 D = Time resting spent in this place.
 E = Time spent auto-exploring this place.
 F = Levels seen in this place.
 G = Mean time per level.
                   A        B        C        D        E       F      G
               +--------+--------+--------+--------+--------+-----+--------+
         Total |   2319 |   2229 |     90 |     91 |   1857 |   4 |  579.8 |
       Dungeon |   2319 |   2229 |     90 |     91 |   1857 |   4 |  579.8 |
               +--------+--------+--------+--------+--------+-----+--------+

Top non-repeatable levels by time:
     D:2: 1264 daAuts
     D:1: 610 daAuts
     D:3: 435 daAuts
     D:5: 9 daAuts
